AoeStats
← Keywar

Black Forest

509941307Analyzed
2v2 RM · 2d ago on Sep 28, 2026· 66m 22s· 4 players
Game mode
Random Map
Map size
Medium (4 player)
Population
200
Speed
Normal
Resources
Standard
Victory
Conquest
Starting age
Dark Age
Ending age
Imperial Age
RankedLock teamsTeams togetherTeam positionsShared explorationLock speedFull tech treeHidden civsTurbo modeCheats
Victory
Defeat
🇭🇷 Mongols · Croatia
1017
+15
🇭🇷 Celts · Croatia
1015
+15
🇪🇸 Lithuanians · Spain
1036
-16
🇪🇸 Britons · Spain
972
-14
juanjinpoker
11:03 Feudal Age
12:56 Double-Bit Axe
15:46 Castle Age
13:34 Horse Collar
14:16 Gold Mining
20:31 Loom
25:45 Bloodlines
27:49 Wheelbarrow
27:19 Husbandry
29:28 Hand Cart
29:22 Heavy Plow
30:52 Scale Barding Armor
34:45 Imperial Age
33:23 Forging
33:33 Chain Barding Armor
34:46 Cavalier
36:04 Iron Casting
36:20 Crop Rotation
36:40 Conscription
37:17 Plate Barding Armor
38:56 Paladin
42:32 Scale Mail Armor
44:26 Caravan
46:08 Chemistry
45:55 Light Cavalry
46:37 Winged Hussar
48:15 Chain Mail Armor
58:21 Ballistics
58:23 Bombard Tower
62:14 Guard Tower
Keywar
9:03 Loom
11:26 Feudal Age
13:44 Double-Bit Axe
16:13 Castle Age
14:12 Horse Collar
18:10 Bow Saw
18:02 Heavy Plow
18:20 Fletching
22:16 Gold Mining
23:07 Padded Archer Armor
25:23 Bodkin Arrow
26:28 Crossbowman
28:33 Leather Archer Armor
29:34 Stone Mining
31:29 Wheelbarrow
33:15 Gold Shaft Mining
33:29 Hand Cart
34:02 Ballistics
39:04 Imperial Age
37:04 Masonry
40:53 Yeomen
41:41 Bracer
42:11 Ring Archer Armor
41:14 Elite Skirmisher
44:39 Caravan
44:30 Elite Longbowman
46:49 Arbalester
51:34 Conscription
55:38 Chemistry
mkopri10
1:30 Loom
11:47 Feudal Age
13:12 Wheelbarrow
12:26 Double-Bit Axe
17:14 Castle Age
15:21 Gold Mining
17:06 Stone Mining
22:10 Fletching
26:47 Hand Cart
27:14 Fishing Lines
29:20 Gillnets
32:21 Bow Saw
33:00 Gold Shaft Mining
33:01 Stone Shaft Mining
32:10 Horse Collar
33:35 Heavy Plow
34:35 Caravan
37:12 Husbandry
37:23 Bloodlines
37:23 Scale Barding Armor
37:29 Nomads
37:54 Bodkin Arrow
42:56 Imperial Age
40:51 Ballistics
41:16 Forging
41:07 Padded Archer Armor
42:53 Thumb Ring
43:24 Chain Barding Armor
43:20 Leather Archer Armor
43:41 Iron Casting
44:13 Conscription
45:01 Chemistry
44:06 Elite Steppe Lancer
46:51 Elite Mangudai
49:46 Blast Furnace
48:46 Bracer
51:31 Light Cavalry
55:02 Hussar
55:47 Capped Ram
56:56 Drill
56:47 Siege Ram
Atomicmarin
0:26 Loom
11:19 Feudal Age
12:21 Double-Bit Axe
12:13 Man-at-Arms
15:39 Arson
16:10 Gold Mining
20:20 Wheelbarrow
21:41 Horse Collar
25:03 Castle Age
23:52 Forging
24:06 Stone Mining
24:21 Scale Mail Armor
25:07 Fletching
26:35 Iron Casting
26:13 Bow Saw
26:49 Heavy Plow
26:46 Bodkin Arrow
28:53 Gold Shaft Mining
34:51 Imperial Age
34:02 Fortified Wall
35:00 Ballistics
36:40 Blast Furnace
36:49 Chemistry
35:12 Heavy Scorpion
36:23 Caravan
37:01 Chain Mail Armor
37:15 Hand Cart
36:35 Pikeman
38:24 Siege Engineers
39:00 Halberdier
44:28 Plate Mail Armor
43:46 Town Watch
44:27 Furor Celtica
48:14 Furor Celtica
47:57 Stronghold
53:34 Elite Woad Raider
63:33 Conscription
63:21 Capped Ram
65:16 Siege Ram
Connection lost

Rejoining the realm…

Still unreachable

The connection could not be restored.

Session expired

The server has moved on; the page needs a fresh start.